 Dungeon Crawl Stone Soup version 0.19-a0-821-gf489216 (webtiles) character file.

2891 st0uf the Cleaver (level 9, -12/78 HPs)
             Began as a Minotaur Fighter on June 29, 2016.
             Was a Believer of Ashenzari.
             Mangled by an orc warlord
             ... wielding the +10 great sword of Hikoin {slice, Dex+2}
              (30 damage)
             ... in a bailey.
             The game lasted 00:31:30 (5701 turns).

st0uf the Cleaver (Minotaur Fighter)                Turns: 5701, Time: 00:31:31

Health: -12/78     AC: 15    Str: 24    XL:     9   Next: 48%
Magic:  8/8        EV:  8    Int:  5    God:    Ashenzari [**....]
Gold:   473        SH: 11    Dex: 12    Spells: 0 memorised, 8 levels left

rFire  + . .     SeeInvis .     G - +8 mithril axe "Arga" {speed, MR+ Str+2}
rCold  . . .     Gourm    .     g - +4 chain mail
rNeg   . . .     Faith    .     c - +0 shield
rPois  .         Spirit   .     (helmet restricted)
rElec  .         Dismiss  .     F - +0 cloak
rCorr  .         Reflect  .     (no gloves)
SustAt .         Harm     .     (no boots)
MR     +....                    (no amulet)
Stlth  ..........               (no ring)
                                p - ring of protection from fire

@: very slightly contaminated, invisible, somewhat resistant to hostile
enchantments, extremely unstealthy
A: retaliatory headbutt, horns 2
a: Curse Item, Scrying, Renounce Religion


You were in a bailey.
You worshipped Ashenzari.
Ashenzari was pleased with you.
You were not hungry.

You visited 2 branches of the dungeon, and saw 8 of its levels.
You also visited: Bailey.

You collected 498 gold pieces.
You spent 25 gold pieces at shops.

Inventory:

Hand Weapons
 a - a +0 war axe
 G - the +8 mithril axe "Arga" (weapon) {speed, MR+ Str+2}
   (You found it on level 7 of the Dungeon)

   Attacks with this weapon are significantly faster.
   It affects your strength (+2).
   It affects your resistance to hostile enchantments.
Missiles
 i - 8 tomahawks
 H - 47 tomahawks of returning (quivered)
Armour
 c - a +0 shield (worn)
 g - a +4 chain mail (worn)
 F - a +0 cloak (worn)
Jewellery
 p - a ring of protection from fire (left hand)
 u - an uncursed ring of ice
Wands
 A - a wand of flame (3/48)
Scrolls
 h - 2 scrolls of magic mapping {unknown}
 n - a scroll of noise {unknown}
 o - 4 scrolls of teleportation {unknown}
 q - a scroll of remove curse
 r - 4 scrolls of enchant armour {unknown}
 s - 2 scrolls of enchant weapon {unknown}
 w - 2 scrolls of random uselessness {unknown}
 x - 6 scrolls of identify {unknown}
 y - 2 scrolls of amnesia {unknown}
 B - a scroll of summoning {unknown}
 C - 2 scrolls of recharging
Potions
 d - 5 potions of might
 j - 2 potions of degeneration {unknown}
 k - 2 potions of brilliance {unknown}
 m - 2 potions of magic {unknown}
 t - a potion of flight {unknown}
 v - 4 potions of heal wounds {unknown}
 z - a potion of resistance {unknown}
 I - a potion of curing {unknown}
 J - a potion of haste
Books
 D - a book of Spatial Translocations

   Spells                             Type                      Level
   a - Apportation                    Translocation                1
   b - Blink                          Translocation                2
   c - Shroud of Golubria             Charms/Translocation         2
   d - Portal Projectile              Translocation                3
   e - Teleport Other                 Translocation                3
   f - Passage of Golubria            Translocation                4
Comestibles
 b - a meat ration
 f - 4 bread rations
 l - 2 slices of pizza
 E - 8 chunks of flesh


   Skills:
 + Level 6.6 Fighting
 * Level 9.3 Axes
 * Level 5.1 Throwing
 + Level 6.9 Armour
 + Level 3.4 Dodging
 + Level 7.5 Shields


You had 8 spell levels left.
You didn't know any spells.

Dungeon Overview and Level Annotations

Branches:
Dungeon (7/15)             Temple (1/1) D:6

Altars:
Ashenzari
Cheibriados
Dithmenos
Fedhas
Gozag
Hepliaklqana
Kikubaaqudgha
Nemelex Xobeh
Okawaru
Pakellas
Qazlal
Ru
Sif Muna
Vehumet
Xom
Yredelemnul
Zin
The Shining One

Shops:
D:4 *

Annotations:
D:2 1 runed door, exclusion: door


Innate Abilities, Weirdness & Mutations

You reflexively headbutt those who attack you in melee.
You have a pair of horns on your head.


Message History

You hit the orc warlord.
The orc warlord is heavily wounded.
The orc warlord hits you with a brightly glowing great sword {slice}!!
You hit the orc warlord but do no damage.
The orc warlord is heavily wounded.
You catch the helpless orc warlord completely off-guard!
You hit the orc warlord but do no damage.
You headbutt the orc warlord.
The orc warlord is heavily wounded.
The orc warlord hits you with a brightly glowing great sword {slice}!
* * * LOW HITPOINT WARNING * * *
x2 You slice the orc warlord!!
The orc warlord is heavily wounded.
You slice the orc warlord!! You headbutt the orc warlord!
The orc warlord is almost dead.
You block the orc warlord's attack.
You closely miss the orc warlord. You headbutt the orc warlord!
The orc warlord is almost dead.
The orc warlord hits you with a brightly glowing great sword {slice}!!
You die...

∩..K≈≈≈.#≈ ,, , , #.≈≈≈K..∩*
*♣..K≈≈≈.#≈.........
#.≈≈≈...♣ ♣...≈≈≈.#≈≈.8...8.≈
#.≈≈≈K..♣
♣♣.{###'###.......###'###..♣♣
♣.##....#≈.8...8.≈#....##.♣
♣##.....#≈≈≈≈≈≈≈≈≈#.....##♣
##......####≈≈≈####......##
#...8......#'o)#......8...#
#.............@...........#
#.........................#
##..8..8...........8..8..##
##.).....#######.......##
##)....## ##.....## ##...##
##...## ##### #####


You could see an orc warlord.

Vanquished Creatures
  Prince Ribbit (D:7)
  Sigmund (D:5)
  2 hungry ghosts
  2 black bears
  3 orc warriors
  2 ice beasts
  2 phantoms
  An ogre (D:6)
  2 centaurs
  2 giant frogs (D:6)
  A gnoll sergeant (D:4)
  2 scorpions
  2 howler monkeys
  2 crimson imps
  2 giant frog zombies (D:7)
  A hound (D:4)
  The ghost of 4thArraOfDagon the Grasshopper, a weakling FeWr of Ru (D:4)
  A centaur skeleton (D:6)
  2 jellies
  2 orc wizards
  A giant frog skeleton (D:7)
  Ijyb (D:2)
  An iguana (D:6)
  4 worker ants
  A hound zombie (D:6)
  A hound skeleton (D:4)
  A worker ant zombie (D:7)
  12 gnolls
  6 adders
  An ooze (D:3)
  An adder skeleton (D:3)
  3 worms
  4 dart slugs
  6 giant geckos
  14 orcs
  8 bats
  4 giant cockroaches
  2 gnoll zombies (D:6)
  11 hobgoblins
  9 jackals
  4 quokkas
  A ball python (D:2)
  A giant gecko skeleton (D:5)
  A giant newt (D:6)
  15 goblins
  12 kobolds
  A quokka skeleton (D:6)
  A quokka zombie (D:5)
  4 rats
165 creatures vanquished.

Vanquished Creatures (others)
  A gnoll (D:5)
  A quokka (D:5)
2 creatures vanquished.

Grand Total: 167 creatures vanquished

Notes
Turn   | Place    | Note
--------------------------------------------------------------
     0 | D:1      | st0uf the Minotaur Fighter began the quest for the Orb.
     0 | D:1      | Reached XP level 1. HP: 19/19 MP: 0/0
    59 | D:1      | Found a shattered altar of Ashenzari.
    66 | D:1      | Reached XP level 2. HP: 27/27 MP: 1/1
    71 | D:1      | Became a worshipper of Ashenzari the Shackled
   466 | D:2      | Found a hazy altar of Hepliaklqana.
   485 | D:2      | Reached XP level 3. HP: 33/33 MP: 2/2
   544 | D:2      | Noticed Ijyb
   553 | D:2      | Reached skill level 3 in Axes
   572 | D:2      | Killed Ijyb
   572 | D:2      | Reached XP level 4. HP: 40/41 MP: 3/3
   943 | D:2      | Found a runed door.
  1242 | D:3      | Found a glowing silver altar of Zin.
  1361 | D:3      | Reached skill level 1 in Throwing
  1361 | D:3      | Reached XP level 5. HP: 39/47 MP: 4/4
  1774 | D:4      | Reached skill level 1 in Dodging
  1858 | D:4      | Reached * piety under Ashenzari
  1893 | D:4      | Found Vitraklu's Assorted Antiques.
  1901 | D:4      | Bought a scroll labeled UKKUCU ELENISIE for 25 gold pieces
  1910 | D:4      | Noticed 4thArraOfDagon's ghost (weakling FeWr)
  1920 | D:4      | Killed 4thArraOfDagon's ghost
  1920 | D:4      | Reached skill level 4 in Axes
  2060 | D:4      | Reached skill level 5 in Shields
  2080 | D:4      | Reached XP level 6. HP: 52/55 MP: 5/5
  2215 | D:4      | Found a snail-covered altar of Cheibriados.
  2364 | D:4      | Found a shimmering altar of Xom.
  2624 | D:5      | Entered Level 5 of the Dungeon
  2676 | D:5      | Reached skill level 5 in Armour
  2677 | D:5      | Noticed Sigmund
  2696 | D:4      | Reached skill level 5 in Axes
  2826 | D:5      | Killed Sigmund
  2826 | D:5      | Reached skill level 5 in Fighting
  2826 | D:5      | Reached XP level 7. HP: 57/61 MP: 6/6
  3359 | D:5      | Found a blossoming altar of Fedhas.
  3754 | D:6      | Found an oddly glowing altar of Pakellas.
  3784 | D:6      | Reached skill level 6 in Axes
  3987 | D:6      | Reached XP level 8. HP: 65/68 MP: 7/7
  4160 | D:6      | Reached skill level 7 in Axes
  4172 | D:6      | Reached ** piety under Ashenzari
  4298 | D:6      | Found a basalt altar of Yredelemnul.
  4538 | D:6      | Found a staircase to the Ecumenical Temple.
  4548 | Temple   | Entered the Ecumenical Temple
  4891 | D:6      | Found an oddly glowing altar of Pakellas.
  4891 | D:6      | Found an iron altar of Okawaru.
  5037 | D:7      | Reached skill level 8 in Axes
  5048 | D:7      | Reached XP level 9. HP: 43/75 MP: 8/8
  5075 | D:7      | Noticed Prince Ribbit
  5284 | D:7      | Killed Prince Ribbit
  5298 | D:7      | Found a flagged portal.
  5316 | D:7      | Reached skill level 9 in Axes
  5323 | Bailey   | Entered a bailey
  5379 | Bailey   | Noticed an orc warlord
  5584 | Bailey   | Found a runed gate.
  5585 | Bailey   | Found a runed gate.
  5587 | Bailey   | Found a runed gate.
  5613 | Bailey   | Reached skill level 5 in Throwing
  5701 | Bailey   | Identified the +10 great sword of Hikoin {slice, Dex+2}
  5701 | Bailey   | Mangled by an orc warlord

Vault maps used:
D:1:      saegor_arrival_miasma, ashenzari_altar_1
D:2:      kennysheep_the_goblin_king, lemuel_doored_altar,
          minmay_misc_feat_rugged, minmay_distorted, uniq_crazy_yiuf_cottage
D:3:      nicolae_overflow_crystal_walls
D:4:      old_standard_altar, nicolae_overflow_hidden_temple, serial_shops, shop
D:5:      fedhas_altar_3, first_bread, lemuel_old_faithful, uniq_sigmund
D:6:      amethyst_overflow_temple_binary, lemuel_zombie_altar_yredelemnul,
          grunt_pakellas_mercury
D:7:      lemuel_round_altar, eat_drink_and_be_merry_uskayaw, enter_bailey_2,
          serial_glass, glass_columns_a, glass_columns_c, glass_columns_b,
          uniq_pikel, uniq_prince_ribbit1
Temple:   compressed_dpeg_triangle_lava_temple
Bailey:   bailey_axe_bossmonster_kennysheep, bailey

Skill      XL: |  1  2  3  4  5  6  7  8  9 |
---------------+----------------------------+-----
Fighting       | 4 5 6 |  6.6
Armour         | 4 5 6 |  6.9
Shields        | 4 5 6 7 |  7.5
Axes           | 3 4 5 6 8 9 |  9.3
Throwing       | 1 2 3 4 5 |  5.1
Dodging        | 1 2 3 |  3.4

Action                   |  1- 3 |  4- 6 |  7- 9 || total
-------------------------+-------+-------+-------++-------
Melee: War axe           |    74 |   140 |   211 ||   425
       Headbutt          |    10 |    24 |    58 ||    92
       Broad axe         |       |       |    50 ||    50
Throw: Tomahawk          |       |       |     7 ||     7
  Use: Scroll            |       |     2 |       ||     2
       Potion            |       |       |     1 ||     1
 Stab: Invisible         |       |       |     1 ||     1
  Eat: Chunk             |       |     6 |    13 ||    19
Armor: Scale mail        |     6 |       |       ||     6
       Chain mail        |    39 |    73 |   150 ||   262
Dodge: Dodged            |    21 |    32 |    81 ||   134
Block: Shield            |    40 |    68 |   193 ||   301
